 Dungeon Crawl Stone Soup version bcrawl-1.34.4 (webtiles) character file.

Game seed: 1480225006969665659

524612 KristoblXynda the Fencer (level 17, -9/140 HPs)
             Began as a Vampire Gladiator on Oct 25, 2021.
             Was the Champion of Ashenzari.
             Mangled by an anaconda (14 damage)
             ... on level 2 of the Snake Pit.
             The game lasted 01:08:58 (31022 turns).

KristoblXynda the Fencer (Vampire Gladiator)       Turns: 31022, Time: 01:08:58

Health: -9/140     AC: 21    Str: 26    XL:     17   Next: 47%
Magic:  39/39      EV: 24    Int: 11    God:    Ashenzari [******]
Gold:   557        SH: 18    Dex: 16    Spells: 24/35 levels left

rFire    + . .     SeeInvis +   E - +4 scimitar (vamp) (curse)
rCold    + . .     Gourm    .   S - +0 buckler of the Guilds {rElec MR+ MP+9 Stlth+} (curse)
rNeg     + + +     Faith    .   r - +2 acid dragon scales (curse)
rPois    ∞         Spirit   .   c - +1 helmet
rElec    +         Reflect  +   G - +2 cloak {rPois} (curse)
rCorr    +         Harm     .   k - +1 pair of gloves
MR       +++..     Clarity  +   e - +2 pair of boots {run} (curse)
Stlth    ++++++++++             g - +4 amulet of reflection (curse)
HPRegen  0.16/turn              J - ring "Maqaorow" {*Slow rElec rF+ Str+6 SInv}
MPRegen  0.26/turn              L - ring "Tesmomow" {rN+ MR+ Slay+4} (curse)

@: marked, regenerating slowly, slowed, studying Shields, very slow
A: claws 1, fangs 3, see invisible, unbreathing
a: Curse Item, Scrying, Transfer Knowledge, Renounce Religion


You were on level 2 of the Snake Pit.
You worshipped Ashenzari.
Ashenzari was exalted by your worship.
You were thirsty.

You visited 6 branches of the dungeon, and saw 24 of its levels.
You also visited: Bailey and Gauntlet.

You collected 2823 gold pieces.
You spent 2266 gold pieces at shops.

Inventory:

Hand Weapons
 E - a cursed +4 vampiric scimitar (weapon)
Missiles
 t - a throwing net {=f}
Armour
 c - a +1 helmet (worn)
 e - a cursed +2 pair of boots of running (worn)
 k - a +1 pair of gloves (worn)
 r - cursed +2 acid dragon scales (worn)
 G - a cursed +2 cloak of poison resistance (worn)
 S - the cursed +0 buckler of the Guilds (worn) {rElec MR+ MP+9 Stlth+}
   (You bought it in a shop on level 9 of the Dungeon)

   It insulates you from electricity.
   It affects your resistance to hostile enchantments.
   It affects your magic capacity (+9).
   It makes you more stealthy.
   It has a curse placed upon it.
Jewellery
 g - a cursed +4 amulet of reflection (around neck)
 D - a +5 ring of dexterity
 J - the ring "Maqaorow" (left hand) {*Slow rElec rF+ Str+6 SInv}
   (You found it on level 8 of the Dungeon)

   [ring of protection from fire]

   It affects your strength (+6).
   It protects you from fire.
   It insulates you from electricity.
   It lets you see invisible.
   It may slow you when you take damage.
 L - the cursed ring "Tesmomow" (right hand) {rN+ MR+ Slay+4}
   (You found it in a Gauntlet)

   [ring of positive energy]

   It affects your accuracy and damage with ranged weapons and melee attacks
   (+4).
   It protects you from negative energy.
   It affects your resistance to hostile enchantments.
   It has a curse placed upon it.
 Q - the ring "Mostru" {*Slow rC+ Str+7}
   (You found it in a Gauntlet)

   [ring of protection from cold]

   It affects your strength (+7).
   It protects you from cold.
   It may slow you when you take damage.
 R - the ring of the Lotus Blossom {rPois rF- Str+8 Int+4 Slay+2}
   (You bought it in a shop on level 2 of the Snake Pit)

   [ring of slaying]

   It affects your strength (+8).
   It affects your intelligence (+4).
   It affects your accuracy and damage with ranged weapons and melee attacks
   (+2).
   It makes you vulnerable to fire.
   It protects you from poison.
Wands
 n - a wand of paralysis (3)
 s - a wand of scattershot (3)
 x - a wand of clouds (16)
 y - a wand of iceblast (10)
 C - a wand of disintegration (2)
 M - a wand of acid (26)
 O - a wand of digging (1)
Scrolls
 i - 7 scrolls of identify
 j - 4 scrolls of amnesia
 m - 8 scrolls of remove curse
 v - 8 scrolls of teleportation
 A - 4 scrolls of immolation
 B - 3 scrolls of silence
 F - 3 scrolls of magic mapping
 K - a scroll of fog
Potions
 a - 2 potions of might
 b - a potion of ambrosia
 f - 7 potions of haste
 h - 9 potions of curing
 l - 2 potions of resistance
 p - 4 potions of mutation
 q - 56 potions of blood
 u - 3 potions of cancellation
 w - 4 potions of brilliance
 z - 7 potions of flight
 N - 2 potions of agility
 P - a potion of invisibility
Miscellaneous
 H - a phial of floods
 I - 2 phantom mirrors


   Skills:
 + Level 14.6 Fighting
 + Level 16.3(20.7) Long Blades
 - Level 2.0 Throwing
 - Level 7.0 Armour
 + Level 15.9(18.9) Dodging
 - Level 15.4(18.0) Stealth
 - Level 5.9(9.9) Shields
 + Level 9.8 Spellcasting
 + Level 9.5(12.9) Necromancy
 - Level 10.2(13.6) Evocations


You had 24 spell levels left.
You knew the following spells:

 Your Spells              Type           Power        Failure   Level  Hunger
a - Dispel Undead         Necr           ####....     3%          5    ####...
b - Borgnjor's Vile Clut  Necr/Erth      ###.......   94%         6    #####..

Your spell library contained the following spells:

 Spells                   Type           Power        Failure   Level  Hunger
 Animate Skeleton         Necr           N/A          1%          1    None
 Pain                     Necr           ####..       1%          1    None
 Vampiric Draining        Necr           ####......   1%          3    None
 Agony                    Necr           ####....     1%          4    #......
 Animate Dead             Necr           N/A          1%          4    #......
 Flame Tongue             Conj/Fire      #....        21%         1    None
 Magic Dart               Conj           #...         21%         1    None
 Sandblast                Erth           #.....       21%         1    None
 Sting                    Conj/Pois      #...         21%         1    None
 Blink                    Tloc           N/A          30%         2    None
 Call Imp                 Summ           #.....       30%         2    None
 Flaming Arrows           Chrm/Fire      #.......     30%         2    None
 Passwall                 Tmut/Erth      #.......     30%         2    None
 Poisonous Vapours        Pois/Air       #.....       30%         2    None
 Searing Ray              Conj           #.......     30%         2    None
 Bolt of Draining         Conj/Necr      ###.......   41%         5    ####...
 Conjure Flame            Conj/Fire      #.......     52%         3    None
 Ignite Poison            Fire/Tmut/Pois #.......     52%         3    None
 Inner Flame              Hex/Fire       N/A          52%         3    None
 Iskenderun's Mystic Bla  Conj           #.......     52%         3    None
 Mephitic Cloud           Conj/Pois/Air  #.......     52%         3    None
 Recall                   Summ/Tloc      N/A          52%         3    None
 Spider Form              Tmut/Pois      #..          52%         3    None
 Stone Arrow              Conj/Erth      #.....       52%         3    None
 Sticky Flame             Conj/Fire      #.......     89%         4    #......
 Fulminant Prism          Conj/Hex       #.........   90%         4    #......
 Olgreb's Toxic Radiance  Pois           #........    90%         4    #......
 Petrify                  Tmut/Erth      #.........   90%         4    #......
 Summon Scorpions         Summ/Pois      #.......     90%         4    #......
 Aura of Abjuration       Summ           #.........   99%         5    ####...
 Fireball                 Conj/Fire      #.........   99%         5    ####...
 Irradiate                Conj/Tmut      #.........   99%         5    ####...
 Lee's Rapid Deconstruct  Erth           #.........   99%         5    ####...
 Summon Demon             Summ           #.........   99%         5    ####...
 Summon Forest            Summ/Tloc      #.........   99%         5    ####...
 Summon Mana Viper        Hex/Summ       #.......     99%         5    ####...
 Venom Bolt               Conj/Pois      #.........   99%         5    ####...
 Iron Shot                Conj/Erth      #.........   100%        6    #####..
 Poison Arrow             Conj/Pois      #.........   100%        6    #####..
 Statue Form              Tmut/Erth      #........    100%        6    #####..
 Orb of Destruction       Conj           #.........   100%        7    ######.
 Shadow Creatures         Summ           N/A          100%        7    ######.
 Spellforged Servitor     Conj/Summ      #.........   100%        7    ######.


Dungeon Overview and Level Annotations

Branches:
Dungeon (12/12)            Temple (1/1) D:7            Lair (6/6) D:9
 Shoals (0/3) Lair:2        Snake (3/3) Lair:2        Slime (0/5) Lair:5
    Orc (1/1) D:8             Elf (0/3) Orc          Vaults (0/3) D:11
 Depths (1/5) D:12

Altars:
Ashenzari
Cheibriados
Dithmenos
Elyvilon
Fedhas
Gozag
Hepliaklqana
Kikubaaqudgha
Lugonu
Makhleb
Nemelex Xobeh
Okawaru
Qazlal
Ru
Sif Muna
Trog
Uskayaw
Vehumet
Wu Jian
Xom
Yredelemnul
Zin
The Shining One
Beogh
Jiyva

Shops:
D:8 [   D:9 [   Orc (}(=   Snake:2 *(*   Depths:1 *

Portals:
Abyss: Depths:1
Pandemonium: Depths:1
Trove: D:10 (give +5 quick blade)

Annotations:
D:9 Psyche
Snake:3 MisterOstroum's ghost, journeyman MiSA


Innate Abilities, Weirdness & Mutations

You heal slowly.
You are immune to poison.
You have sharp fingernails.
You have razor-sharp teeth.
You have supernaturally acute eyesight. (SInv)
You can survive without breathing.


Message History

You block the shock serpent's attack.
You block the guardian serpent's attack.
The shock serpent shoots out a bolt of lightning at you!
You resist. The bolt of electricity hits you.
* * * LOW HITPOINT WARNING * * *
You resist. The bolt of electricity hits you.
* * * LOW HITPOINT WARNING * * *
The bolt of electricity hits the shock serpent.
The shock serpent completely resists.
You block the anaconda's attack. The anaconda bites you!
* * * LOW HITPOINT WARNING * * *
You feel yourself slow down.
The guardian serpent casts a spell at you.
You resist.
The bolt of poison hits you but does no damage.
The anaconda misses you. The anaconda bites you.
* * * LOW HITPOINT WARNING * * *
The shock serpent bites you but does no damage.
You block the anaconda's attack. The anaconda bites you!
You die...

..........................##..##
..###......................##..#
.####....................#..#..##
##.......................##..#..#
#.........................#..##..
.................{>........#..#..
..#.............##....<....#..##.
.###.....########S.............##
##........###...@S..............#
#.....................##.........
..#...............###..#.........
.##...............#.##.#...#)....
##.....^.............#.....##....
#.....................#......##..
..............###...>..#......##.
.....###....#.#.....#.........###
............#.#.....#.....##...##


You could see an anaconda and a shock serpent.

Vanquished Creatures
  Bai Suzhen (Snake:3)
  Gastronok (D:9)
  A lich (Depths:1)
  Jorgrun (Orc)
  Frances (Snake:2)
  Roxanne (Snake:1)
  Donald (Snake:2)
  A frost giant (Depths:1)
  Aizul (Lair:2)
  Louise (Snake:1)
  4 very ugly things (Depths:1)
  A stone giant (Depths:1)
  A vampire knight (Depths:1)
  The ghost of exe1 the Basher, a journeyman EnBe of Trog (Lair:4)
  A minotaur (Gauntlet)
  The ghost of Quickbrownfox the Bludgeoner, a journeyman MiAc of Lugonu (Lair:1)
  3 fire dragons
  Urug (D:10)
  2 ettins
  Josephine (Orc)
  Snorg (Lair:5)
  An ice dragon (D:12)
  3 vault guards (D:11)
  2 rakshasas
  6 hydras
  A hell beast (Gauntlet)
  5 naga warriors
  6 ogre magi
  A merfolk avatar (Lair:6)
  24 two-headed ogres
  4 centaur warriors
  A great orb of eyes (Depths:1)
  A juggernaut simulacrum (Depths:1)
  A deep troll shaman (Depths:1)
  2 sea snakes (Lair:6)
  A dancing weapon (Lair:1)
  8 death yaks
  4 naga sharpshooters
  4 shock serpents
  5 skeletal warriors (D:11)
  A goliath frog (Lair:4)
  An iron troll (Depths:1)
  4 salamander mystics
  6 deep trolls
  2 glowing orange brains (Gauntlet)
  A storm dragon skeleton (Depths:1)
  2 naga ritualists
  A cyclops (Orc)
  A lindwurm (Lair:6)
  An orc knight (Orc)
  A wolf spider (shapeshifter) (Depths:1)
  A wizard (D:11)
  5 necromancers
  7 mana vipers
  2 stone giant zombies (Depths:1)
  A fire giant zombie (Depths:1)
  2 deep elf magi (D:8)
  A frost giant zombie (Depths:1)
  4 oklob plants
  3 manticores
  8 salamanders
  4 ugly things
  4 centaur zombies
  The ghost of Etesian the Ruffian, a novice VSAc of Uskayaw (D:5)
  8 elephants (Lair:6)
  5 guardian serpents
  21 black mambas
  13 cane toads
  A torpor snail (Lair:6)
  A gargoyle (D:10)
  6 centaur skeletons
  8 naga magi
  3 minotaur zombies (Gauntlet)
  A yaktaur zombie (Depths:1)
  A kobold demonologist (D:9)
  A spriggan zombie (Depths:1)
  2 yaktaurs (Depths:1)
  A redback zombie (D:11)
  3 rime drakes
  8 komodo dragons
  5 hornets
  12 trolls
  2 polar bears
  Grinder (D:4)
  5 slime creatures
  12 blink frogs (Lair:6)
  4 hippogriffs
  A spriggan (Lair:4)
  8 wyverns
  4 wraiths (Orc)
  34 yaks
  4 fire bats (D:11)
  2 basilisks
  17 humans (D:11)
  7 vampire mosquitoes (D:11)
  Edmund (D:4)
  A warg (Orc)
  13 nagas
  4 acid dragons
  5 crocodiles
  11 water moccasins
  11 porcupines
  2 hell hounds
  6 ice beasts
  3 black bears
  7 sky beasts
  A phantom (D:9)
  3 necrophages
  23 orc warriors
  3 wolves (Lair:4)
  28 ogres
  3 boggarts (Depths:1)
  13 centaurs
  2 big kobolds
  10 bullfrogs
  A gnoll sergeant (D:8)
  A wyvern skeleton (D:8)
  A water moccasin skeleton (D:5)
  4 scorpions
  A tengu zombie (Depths:1)
  2 howler monkeys (D:7)
  7 killer bees
  13 wights
  2 electric eels (Lair:1)
  20 orc priests
  A bullfrog zombie (D:6)
  2 lava snakes (D:11)
  7 crimson imps
  2 hounds
  Crazy Yiuf (D:3)
  2 iguanas
  26 orc wizards
  Jessica (D:3)
  Ijyb (D:4)
  2 hell rats (Lair:2)
  8 worker ants
  3 killer bee zombies (D:6)
  2 hound zombies
  3 worker ant zombies (D:6)
  2 howler monkey skeletons
  6 river rats (Lair:2)
  11 adders
  13 gnolls
  3 shadow imps
  An ooze (D:7)
  An adder zombie (D:6)
  3 adder skeletons
  A worm (D:6)
  2 dart slugs (D:1)
  9 leopard geckos
  83 orcs
  A ball python (D:4)
  3 bats
  A giant cockroach (D:4)
  5 goblins
  14 hobgoblins
  15 jackals
  A quokka (D:3)
  7 frilled lizards
  A jackal zombie (D:7)
  21 kobolds
  5 rats
  A fire vortex (D:11)
  A fungus (D:9)
846 creatures vanquished.

Vanquished Creatures (others)
  A naga sharpshooter (Snake:1)
  A cyclops (Orc)
  A black mamba (Snake:3)
  A slime creature (Depths:1)
  3 nagas (Snake:1)
  5 centaurs
  2 orcs (Bailey)
  2 fire vortices (D:11)
  13 fungi
  13 plants
42 creatures vanquished.

Grand Total: 888 creatures vanquished

Notes
Turn   | Place    | Note
-------+----------+-------------------------------------------
     0 | D:1      | KristoblXynda the Vampire Gladiator began the quest for the
                  | Orb.
     0 | D:1      | Reached XP level 1. HP: 17/17 MP: 1/1
    90 | D:1      | Reached XP level 2. HP: 23/23 MP: 2/2
   556 | D:1      | Reached skill level 4 in Long Blades
   605 | D:1      | Reached XP level 3. HP: 26/29 MP: 3/3
  1245 | D:2      | Found an ornate altar of the Wu Jian Council.
  1663 | D:2      | Reached skill level 1 in Stealth
  1856 | D:2      | Found an opulent altar of Gozag.
  1857 | D:2      | Found an opulent altar of Gozag.
  1857 | D:2      | Found an opulent altar of Gozag.
  1871 | D:2      | Found an opulent altar of Gozag.
  1932 | D:2      | Reached XP level 4. HP: 35/35 MP: 4/4
  1999 | D:2      | Found a stormy altar of Qazlal.
  2491 | D:3      | Noticed Jessica
  2500 | D:3      | Killed Jessica
  2568 | D:3      | Reached skill level 1 in Armour
  2568 | D:3      | Reached XP level 5. HP: 37/41 MP: 5/5
  3103 | D:3      | Found a runed door.
  3113 | D:3      | Noticed Crazy Yiuf
  3127 | D:3      | Killed Crazy Yiuf
  3128 | D:3      | Reached skill level 5 in Long Blades
  3411 | D:4      | Reached XP level 6. HP: 47/47 MP: 6/6
  3428 | D:4      | Found a burning altar of Makhleb.
  3438 | D:4      | Noticed Edmund
  3469 | D:4      | Killed Edmund
  3508 | D:4      | Noticed a sky beast
  3517 | D:4      | Reached skill level 5 in Dodging
  3544 | D:4      | Killed a sky beast
  3545 | D:4      | Reached XP level 7. HP: 34/52 MP: 7/7
  3758 | D:4      | Reached skill level 5 in Stealth
  4143 | D:4      | Noticed Ijyb
  4161 | D:4      | Killed Ijyb
  4162 | D:4      | Reached skill level 6 in Long Blades
  4267 | D:4      | Noticed Grinder
  4278 | D:4      | Killed Grinder
  4600 | D:5      | Entered Level 5 of the Dungeon
  4753 | D:5      | Reached XP level 8. HP: 41/58 MP: 8/8
  5168 | D:5      | Noticed Etesian's ghost (novice VSAc)
  5172 | D:5      | Found a runed translucent door.
  5186 | D:5      | Found an iron altar of Okawaru.
  5263 | D:5      | Reached skill level 7 in Long Blades
  5545 | D:5      | Killed Etesian's ghost
  5874 | D:6      | Found a hazy altar of Hepliaklqana.
  5882 | D:6      | Got a masterwork spear
  5895 | D:6      | Found a glowing golden altar of the Shining One.
  5913 | D:6      | Reached XP level 9. HP: 20/67 MP: 9/9
  6166 | D:6      | Reached skill level 5 in Fighting
  6166 | D:6      | Reached skill level 8 in Long Blades
  6656 | D:6      | Noticed a centaur warrior
  6711 | D:6      | Killed a centaur warrior
  6712 | D:6      | Reached skill level 10 in Stealth
  7088 | D:6      | Found an ancient bone altar of Kikubaaqudgha.
  7229 | D:7      | Reached skill level 9 in Long Blades
  7266 | D:7      | Found a staircase to the Ecumenical Temple.
  7278 | Temple   | Entered the Ecumenical Temple
  7303 | Temple   | Became a worshipper of Ashenzari the Shackled
  7304 | Temple   | Found the cursed amulet of Vision {SInv *Curse}
  7398 | D:7      | Identified the cursed ring "Uninirph" {Str+3 Int-6}
  7862 | D:7      | Reached XP level 10. HP: 52/76 MP: 10/10
  8498 | D:8      | Noticed a deep elf mage
  8694 | D:8      | Noticed a green ugly thing
  8760 | D:8      | Killed a green ugly thing
  8761 | D:8      | Reached skill level 1 in Evocations
  9093 | D:8      | Killed a deep elf mage
  9434 | D:8      | Found a roughly hewn altar of Beogh.
  9448 | D:8      | Found a staircase to the Orcish Mines.
  9508 | D:8      | Reached skill level 10 in Long Blades
  9621 | D:8      | Found Dophycsi's Antique Armour Boutique.
  9668 | D:8      | Bought a runed cloak for 172 gold pieces
  9668 | D:8      | Bought a glowing scarf for 184 gold pieces
  9767 | D:8      | Noticed a +0 dagger
  9777 | D:8      | Reached skill level 5 in Armour
  9782 | D:8      | Found a hide-covered altar of Uskayaw.
  9782 | D:8      | Noticed a +0 hand axe
  9853 | D:8      | Noticed a deep elf mage
  9861 | D:8      | Noticed a mana viper
  9861 | D:8      | Noticed a mana viper
  9877 | D:8      | Noticed a mana viper
  9877 | D:8      | Killed a deep elf mage
  9942 | D:8      | Identified the ring "Maqaorow" {*Slow rElec rF+ Str+6 SInv}
 10414 | D:9      | Reached * piety under Ashenzari
 10605 | D:9      | Noticed a two-headed ogre
 10621 | D:9      | Killed a two-headed ogre
 10622 | D:9      | Reached XP level 11. HP: 81/81 MP: 13/13
 10698 | D:9      | Noticed a soul eater
 10921 | D:9      | Found a staircase to the Lair.
 11045 | D:9      | Reached skill level 10 in Dodging
 11109 | D:9      | Found Jehug's Armour Shoppe.
 11432 | D:9      | Reached skill level 11 in Long Blades
 11473 | D:9      | Reached skill level 5 in Evocations
 11512 | D:9      | Noticed Gastronok
 11527 | D:9      | Killed Gastronok
 11651 | D:9      | Noticed Psyche
 11960 | D:9      | Reached XP level 12. HP: 88/88 MP: 16/16
 12137 | D:10     | Entered Level 10 of the Dungeon
 12185 | D:10     | Noticed Urug
 12214 | D:10     | Killed Urug
 12407 | D:10     | Found a portal to a secret trove of treasure.
 12696 | D:10     | Reached ** piety under Ashenzari
 13241 | D:11     | Noticed a six-headed hydra
 13256 | D:11     | Killed a 16-headed hydra
 13429 | D:11     | Reached skill level 12 in Long Blades
 13748 | D:11     | Found a gate to the Vaults.
 13748 | D:11     | Noticed a vault guard
 13748 | D:11     | Noticed a vault guard
 13748 | D:11     | Noticed a vault guard
 13749 | D:11     | Identified the +2 leather armour of Noyrrayh {rC+}
 13758 | D:11     | Killed a vault guard
 13767 | D:11     | Killed a vault guard
 13772 | D:11     | Killed a vault guard
 14033 | D:11     | Reached skill level 15 in Stealth
 14050 | D:11     | Reached XP level 13. HP: 34/96 MP: 18/18
 15188 | D:11     | Learned a level 5 spell: Dispel Undead
 15387 | D:11     | Reached skill level 13 in Long Blades
 15552 | D:12     | Entered Level 12 of the Dungeon
 15634 | D:12     | Reached skill level 1 in Spellcasting
 15719 | D:12     | Found a flagged portal.
 15728 | Bailey   | Entered a bailey
 16870 | D:12     | Noticed a fire dragon
 16884 | D:12     | Found a staircase to the Depths.
 16899 | D:12     | Reached XP level 14. HP: 103/108 MP: 20/20
 17265 | Depths:1 | Entered Level 1 of the Depths
 17451 | D:9      | Bought a +1 pair of boots of running for 474 gold pieces
 17526 | Lair:1   | Entered Level 1 of the Lair of Beasts
 17535 | Lair:1   | Reached *** piety under Ashenzari
 17788 | Lair:1   | Found a runed translucent door.
 17788 | Lair:1   | Found a shimmering altar of Xom.
 17788 | Lair:1   | Noticed Quickbrownfox's ghost (journeyman MiAc)
 17789 | Lair:1   | Identified the ring of Zesyusuts {rC+ MR- MP+9 SInv}
 17853 | Lair:1   | Killed Quickbrownfox's ghost
 18250 | Lair:1   | Reached skill level 14 in Long Blades
 18317 | Lair:1   | Reached skill level 10 in Fighting
 18567 | Lair:2   | Found a staircase to the Shoals.
 18610 | Lair:2   | Found a staircase to the Snake Pit.
 18980 | Lair:2   | Reached **** piety under Ashenzari
 19678 | Lair:3   | Reached skill level 5 in Spellcasting
 20952 | Lair:4   | Reached ***** piety under Ashenzari
 20977 | Lair:4   | Reached skill level 10 in Evocations
 20980 | Lair:4   | Found a runed translucent door.
 20980 | Lair:4   | Noticed exe1's ghost (journeyman EnBe)
 21018 | Lair:4   | Killed exe1's ghost
 21739 | Lair:5   | Found a gate leading to a gauntlet.
 21748 | Gauntlet | Entered a Gauntlet
 21748 | Gauntlet | Found a transporter.
 21748 | Gauntlet | Found a transporter.
 21763 | Gauntlet | Found a transporter.
 21764 | Gauntlet | Identified the ring "Tesmomow" {rN+ MR+ Slay+4}
 21769 | Gauntlet | Found a transporter.
 21780 | Gauntlet | Identified the ring "Mostru" {*Slow rC+ Str+7}
 21781 | Gauntlet | Found a transporter.
 21800 | Gauntlet | Found a transporter.
 21808 | Gauntlet | Found a transporter.
 21812 | Gauntlet | Found a transporter.
 21835 | Gauntlet | Found a transporter.
 21835 | Gauntlet | Found a transporter.
 22093 | Gauntlet | Reached skill level 1 in Necromancy
 22322 | Gauntlet | Identified the +8 rapier of Reofast {pierce, rF+}
 22497 | Lair:5   | Noticed Snorg
 22517 | Lair:5   | Killed Snorg
 22534 | Lair:5   | Reached XP level 15. HP: 119/119 MP: 23/23
 22933 | Lair:5   | Identified the +2 short sword of Defenestration {holy,
                  | *Corrode Str+4 Int+7 Dex+2}
 22967 | Lair:5   | Found a viscous altar of Jiyva.
 22967 | Lair:5   | Found a staircase to the Slime Pits.
 23413 | Lair:6   | Entered Level 6 of the Lair of Beasts
 23816 | Lair:6   | Reached skill level 15 in Long Blades
 23864 | Lair:6   | Identified the +5 quarterstaff "Zeseol" {flame, -Tele rElec
                  | rPois rN+++}
 25022 | Lair:6   | Identified the +9 spear of Midnight {protect, rF++ Int+3}
                  | (You found it on level 6 of the Dungeon)
 25400 | D:9      | Bought the cursed +0 buckler of the Guilds {rElec MR+ MP+9
                  | Stlth+} for 538 gold pieces
 25614 | Depths:1 | HP: 6/121 [red very ugly thing (19)]
 25615 | Depths:1 | Reached skill level 1 in Shields
 25615 | Depths:1 | Reached skill level 5 in Necromancy
 25889 | Depths:1 | Noticed a frost giant
 25897 | Depths:1 | Killed a frost giant
 26361 | Depths:1 | Found Cutaup's Commerce Corner.
 26362 | Depths:1 | Found a one-way gate to the infinite horrors of the Abyss.
 26389 | Depths:1 | Reached XP level 16. HP: 129/129 MP: 27/27
 26508 | Depths:1 | Bought a potion of cancellation for 120 gold pieces
 26534 | Depths:1 | Found a one-way gate leading to the halls of Pandemonium.
 26790 | Depths:1 | Noticed a lich
 26849 | Depths:1 | Killed a lich
 26859 | Depths:1 | Reached skill level 5 in Shields
 27710 | Orc      | Entered the Orcish Mines
 27752 | Orc      | Found a roughly hewn altar of Beogh.
 27837 | Orc      | Noticed Jorgrun
 27865 | Orc      | Found Ostrace's Jewellery Shop.
 27913 | Orc      | Reached skill level 15 in Dodging
 28055 | Orc      | Noticed Josephine
 28071 | Orc      | Killed Josephine
 28081 | Orc      | Found Woquam's Antique Weapon Shoppe.
 28126 | Orc      | Found Dahen's Gadget Boutique.
 28162 | Orc      | Found Natihud's Antique Weapon Shop.
 28166 | Orc      | Found a staircase to the Elven Halls.
 28175 | Orc      | Bought a wand of clouds (6) for 273 gold pieces
 28462 | Orc      | Killed Jorgrun
 28882 | Snake:1  | Entered Level 1 of the Snake Pit
 28882 | Snake:1  | Reached ****** piety under Ashenzari
 28882 | Snake:1  | Noticed Aizul
 28914 | Lair:2   | Killed Aizul
 29205 | Snake:1  | Noticed Roxanne
 29225 | Snake:1  | Identified the cursed +0 large shield of Ennui {*Slow +Fly
                  | MP+9}
 29225 | Snake:1  | Noticed Louise
 29238 | Snake:1  | Killed Roxanne
 29239 | Snake:1  | Identified Roxanne's Guide on Earth (You took it off
                  | Roxanne on level 1 of the Snake Pit)
 29281 | Snake:1  | Killed Louise
 29408 | Snake:1  | Reached XP level 17. HP: 140/140 MP: 30/30
 29937 | Snake:2  | Reached skill level 16 in Long Blades
 30338 | Snake:2  | Noticed Frances
 30349 | Snake:2  | Learned a level 6 spell: Borgnjor's Vile Clutch
 30355 | Snake:2  | Noticed Donald
 30370 | Snake:2  | Killed Frances
 30385 | Snake:2  | Killed Donald
 30757 | Snake:2  | Found Ifuni's Assorted Antiques.
 30759 | Snake:2  | Found Agil's Weapon Boutique.
 30761 | Snake:2  | Found Nuklatam's Assorted Antiques.
 30765 | Snake:2  | Bought a shimmering steel ring for 145 gold pieces
 30765 | Snake:2  | Identified the ring of the Lotus Blossom {rPois rF- Str+8
                  | Int+4 Slay+2} (You bought it in a shop on level 2 of the
                  | Snake Pit)
 30769 | Snake:2  | Bought a bronze scale mail for 360 gold pieces
 30769 | Snake:2  | Identified the cursed +1 scale mail of Tosoryas {rPois rC-
                  | Str+6} (You bought it in a shop on level 2 of the Snake
                  | Pit)
 30883 | Snake:3  | Entered Level 3 of the Snake Pit
 30955 | Snake:3  | Noticed Bai Suzhen
 30985 | Snake:3  | Noticed MisterOstroum's ghost (journeyman MiSA)
 30996 | Snake:3  | Killed Bai Suzhen
 31020 | Snake:2  | HP: 7/140 [anaconda (11)]
 31022 | Snake:2  | Mangled by an anaconda

Skill      XL: |  1  2  3  4  5  6  7  8  9 10 11 12 13 14 15 16 17 |
---------------+----------------------------------------------------+-----
Throwing       | 2 |  2.0
Fighting       | 3 4 6 7 9 11 12 14 | 14.6
Long Blades    | 4 5 6 7 9 10 11 12 13 14 15 16 | 16.3
Stealth        | 1 2 3 4 6 8 10 12 13 15 | 15.4
Dodging        | 4 5 6 7 8 9 10 11 12 13 14 15 | 15.9
Armour         | 1 2 3 5 6 7 |  7.0
Evocations     | 3 5 7 9 10 | 10.2
Spellcasting   | 3 5 7 9 |  9.8
Necromancy     | 2 6 8 9 |  9.5
Shields        | 3 5 |  5.9

Action                   |  1- 3 |  4- 6 |  7- 9 | 10-12 | 13-15 | 16-18 || total
-------------------------+-------+-------+-------+-------+-------+-------++-------
Melee: Long sword        |   116 |   119 |   463 |   209 |       |       ||   907
       Bite              |    11 |    17 |    49 |   140 |   355 |   211 ||   783
       Scimitar          |       |       |       |   672 |  1699 |  1003 ||  3374
Throw: Throwing net      |       |     1 |       |     3 |       |     3 ||     7
Invok: Curse Item        |       |       |     2 |     2 |     4 |       ||     8
Evoke: Wand              |       |     3 |     1 |    17 |    17 |     7 ||    45
       Phantom mirror    |       |       |       |       |       |     1 ||     1
  Use: Potion            |     2 |     5 |    19 |    29 |    43 |    22 ||   120
       Scroll            |     1 |     1 |     6 |    11 |    13 |     6 ||    38
 Stab: Sleeping          |    10 |    10 |    24 |    31 |    41 |    12 ||   128
       Distracted        |       |     1 |       |     1 |    16 |     5 ||    23
       Invisible         |       |       |     2 |       |     8 |       ||    10
       Paralysed         |       |       |     1 |    14 |    12 |       ||    27
       Held in net/web   |       |       |       |     2 |       |     4 ||     6
Armor: Leather armour    |    26 |     2 |       |       |       |       ||    28
       Ring mail         |       |    11 |    91 |   218 |   154 |       ||   474
       Robe              |       |    26 |    28 |       |       |       ||    54
       Acid dragon scale |       |       |       |       |   120 |   139 ||   259
Dodge: Dodged            |    61 |    67 |   287 |   594 |  1218 |   719 ||  2946
Block: Other             |     2 |     2 |    29 |   319 |   744 |       ||  1096
       Reflection        |       |       |       |     5 |    38 |    64 ||   107
       Buckler           |       |       |       |       |   158 |  1125 ||  1283
